 Dungeon Crawl Stone Soup version 0.18-a0-373-gaf408bd (webtiles) character file.

214 Raultor the Changer (level 5, -2/40 HPs)
             Began as a Draconian Transmuter on Nov 29, 2015.
             Killed by divine providence
             ... invoked by an orc priest
              (10 damage)
             ... on level 3 of the Dungeon.
             The game lasted 00:08:58 (3183 turns).

Raultor the Changer (Draconian Transmuter)          Turns: 3183, Time: 00:08:58

Health: -2/40      AC:  6    Str: 12      XL:     5   Next: 60%
Magic:  8/8        EV: 12    Int: 13      God:
Gold:   142        SH:  0    Dex:  9 (13) Spells: 2 memorised, 2 levels left

rFire  . . .     SeeInvis .       - Unarmed
rCold  . . .     Clarity  .     (armour unavailable)
rNeg   . . .     SustAt   .     (no shield)
rPois  .         Gourm    .     (helmet restricted)
rElec  .         Spirit   .     (no cloak)
rCorr  .         Warding  .     (no gloves)
rMut   .         Stasis   .     i - +0 pair of boots
MR     .....                    (no amulet)
Stlth  +.........               (no ring)
                                (no ring)

@: not resistant to hostile enchantments, very unstealthy
A: unfitting armour, cold-blooded, AC +5
a: no special abilities


You were on level 3 of the Dungeon.
You were not hungry.

You visited 1 branch of the dungeon, and saw 3 of its levels.

You collected 142 gold pieces.

Inventory:

Missiles
 a - 40 arrows
Armour
 i - a +0 pair of boots (worn)
Scrolls
 e - a scroll of magic mapping {unknown}
 f - a scroll of remove curse {unknown}
 h - 2 scrolls of identify {unknown}
 j - 2 scrolls of amnesia {unknown}
Potions
 d - a potion of poison
 l - a potion of heal wounds
Books
 b - a book of Changes

   Spells                             Type                      Level
   a - Beastly Appendage              Transmutation                1
   b - Sticks to Snakes               Transmutation                2
   c - Spider Form                    Transmutation/Poison         3
   d - Ice Form                       Ice/Transmutation            4
   e - Blade Hands                    Transmutation                5
Comestibles
 c - 2 bread rations
 g - 3 meat rations
 k - 5 chunks of flesh


   Skills:
 - Level 1.1 Fighting
 - Level 1.7 Dodging
 + Level 4.4 Unarmed Combat
 - Level 2.0 Spellcasting
 * Level 4.9 Transmutations


You had 2 spell levels left.
You knew the following spells:

 Your Spells              Type           Power        Failure   Level  Hunger
a - Beastly Appendage     Trmt           ##....       4%          1    ##.....
b - Blade Hands           Trmt           ##........   91%         5    ######.


Dungeon Overview and Level Annotations

Branches:
Dungeon (3/15)

Altars:

Annotations:
D:3 FishmanTm's ghost, amateur MfTm


Innate Abilities, Weirdness & Mutations

Your plain brown scales are hard (AC +5).
Your body does not fit into most forms of armour.
You are cold-blooded and may be slowed by cold attacks.


Message History

An orc priest and an orc wizard come into view.
Your transformation is almost over.
The orc wizard shouts!
The orc priest looks braver for a moment.
The orc priest casts a cantrip, but nothing happens.
The orc wizard mumbles some strange words.
The orc wizard blinks!
Things that are here:
a spear; a gnoll skeleton
Things that are here:
a spear; a gnoll corpse Your horns disappear.
The orc priest invokes the aid of Beogh against you.
Something smites you!
* * * LOW HITPOINT WARNING * * *
Found 18 stones.
A goblin comes into view. It is wielding a club.
The orc priest calls down the wrath of Beogh upon you.
Something smites you!
You die...

..#
#.#.#######.#.#.##
#.#
#.#...........o.#
#.#
#.#..########.###
#.# #.#..# #o# #.#
#.#..# ###o#
#.###.#..##
##...##
#.##......#
#(....#
#.#..).###.#
#.....# #......#
#..@..# ###....#
##...## ##.##...
##.## ......# #.#
#.##### #.# #.#
#.# #.# #.# #g#


You could see an orc priest, 2 orcs and a goblin (sleeping).

Vanquished Creatures
  Terence (D:2)
  8 gnolls
  4 adders
  2 oozes
  5 giant geckos
  An orc (D:3)
  8 bats
  A giant cockroach (D:3)
  8 goblins
  8 hobgoblins
  4 jackals
  2 kobolds
  2 quokkas
  A ball python (D:2)
  12 rats
67 creatures vanquished.

Notes
Turn   | Place    | Note
--------------------------------------------------------------
     0 | D:1      | Raultor the Draconian Transmuter began the quest for the Orb.
     0 | D:1      | Reached XP level 1. HP: 16/16 MP: 3/3
   399 | D:1      | Reached XP level 2. HP: 23/23 MP: 5/5
   825 | D:2      | Reached XP level 3. HP: 24/28 MP: 4/6
  1029 | D:2      | Reached XP level 4. HP: 18/35 MP: 7/7
  1191 | D:2      | Reached skill level 4 in Unarmed Combat
  1296 | D:2      | Noticed Terence
  1419 | D:2      | Killed Terence
  2055 | D:2      | Reached XP level 5. HP: 26/40 MP: 6/8
  2070 | D:2      | Learned a level 5 spell: Blade Hands
  2297 | D:3      | Noticed FishmanTm's ghost (amateur MfTm)
  3183 | D:3      | Killed from afar by an orc priest

Vault maps used:
D:1:      mrwooster_arrival_statue_3
D:2:      hangedman_abyss_or_decor_stabs, kennysheep_generic_room_4,
          uniq_terence
D:3:      uniq_natasha, uniq_crazy_yiuf_cottage

Action                   |  1- 3 |  4- 6 || total
-------------------------+-------+-------++-------
Melee: Unarmed           |   114 |   232 ||   346
 Cast: Beastly Appendage |     4 |    10 ||    14
  Use: Potion            |       |     3 ||     3
 Stab: Sleeping          |       |     2 ||     2
  Eat: Chunk             |       |     8 ||     8
